 Dungeon Crawl Stone Soup version 0.25-a0-492-g44cc58d149 (webtiles) character file.

Game seed: 1193491118092885363, levelgen mode: deterministic

245050 kae the Black Belt (level 18, 0/149 HPs)
             Began as a Demonspawn Gladiator on Feb 11, 2020.
             Was the Champion of Wu Jian.
             Slain by a tentacle (3 damage)
             ... attached to a kraken
             ... on level 4 of the Shoals.
             The game lasted 00:50:39 (34128 turns).

kae the Black Belt (Demonspawn Gladiator)          Turns: 34128, Time: 00:50:39

Health: 0/149      AC: 37    Str: 16    XL:     18   Next: 75%
Magic:  0/18       EV: 22    Int:  7    God:    Wu Jian [******]
Gold:   2281       SH:  0    Dex: 24    Spells: 17/17 levels left

rFire    . . .     SeeInvis .     - Unarmed
rCold    + . .     Gourm    .   (no shield)
rNeg     + + .     Faith    .   Q - +4 scale mail of the Harvest Moon {rElec rPois rN+}
rPois    +         Spirit   +   b - +0 helmet
rElec    +         Reflect  .   e - +2 cloak
rCorr    .         Harm     .   o - +2 pair of gloves {Dex+3}
MR       +++..     Rnd*Rage +   (boots unavailable)
Stlth    +.........             X - necklace of Bloodlust {*Rage +Rage MR++ Int-3 Slay+6 *Curse} (curse)
HPRegen  0.34/turn              E - +6 ring of protection
MPRegen  0.32/turn              C - +4 ring of protection

@: berserk cooldown, slowed, studying Air Magic, very slow
A: talons 3, icy blue scales 3, negative energy resistance 1, powered by death
3, magic shield, magic regeneration
}: 2/15 runes: barnacled, gossamer
a: Wall Jump, Serpent's Lash, Heavenly Storm, Renounce Religion, Evoke Berserk
Rage


You were on level 4 of the Shoals.
You worshipped Wu Jian.
Wu Jian was exalted by your worship.
You were not hungry.

You visited 6 branches of the dungeon, and saw 32 of its levels.
You also visited: Sewer and Volcano.

You collected 3111 gold pieces.
You spent 830 gold pieces at shops.

Inventory:

Missiles
 c - 20 throwing nets (quivered)
Armour
 b - a +0 helmet (worn)
 e - a +2 cloak (worn)
 o - a +2 pair of gloves of dexterity (worn)
 x - the +6 scale mail "Joutes" {+Fly rPois rF+}
   (You found it on level 4 of the Spider Nest)

   It protects you from fire.
   It protects you from poison.
   It lets you fly.
   If you switch to wearing this armour, your AC will increase by 2 (37 -> 39).
 I - the +0 ring mail "Pajemn" {rN+ Int-2 Dex+4}
   (You found it on level 9 of the Dungeon)

   It affects your intelligence (-2).
   It affects your dexterity (+4).
   It protects you from negative energy.
   If you switch to wearing this armour, your AC will decrease by 6 (37 -> 31).
 O - a +2 plate armour of fire resistance
 Q - the +4 scale mail of the Harvest Moon (worn) {rElec rPois rN+}
   (You found it on level 1 of the Shoals)

   It insulates you from electricity.
   It protects you from poison.
   It protects you from negative energy.
   If you remove this armour, your AC will decrease by 14 (37 -> 23).
Jewellery
 f - an uncursed amulet of the acrobat
 i - a +6 ring of intelligence
 l - an uncursed amulet of faith
 B - an uncursed ring of positive energy
 C - a +4 ring of protection (right hand)
 E - a +6 ring of protection (left hand)
 G - an uncursed amulet of harm
 V - an uncursed ring of poison resistance
 X - the cursed necklace of Bloodlust (around neck) {*Rage +Rage MR++ Int-3 Slay+6 *Curse}
   (You bought it in a shop on level 3 of the Shoals)

   [amulet of rage]

   It affects your intelligence (-3).
   It affects your accuracy and damage with ranged weapons and melee attacks
   (+6).
   It affects your resistance to hostile enchantments.
   It lets you go berserk.
   It may make you go berserk in combat.
   It curses itself when equipped.
   It has a curse placed upon it.
 Z - the ring "Iphuelo" {+Inv rElec Slay+3}
   (You found it on level 4 of the Spider Nest)

   [ring of slaying]

   It affects your accuracy and damage with ranged weapons and melee attacks
   (+3).
   It insulates you from electricity.
   It lets you turn invisible.
Wands
 a - a wand of enslavement (7)
 h - a wand of paralysis (18)
 r - a wand of disintegration (30)
 v - a wand of iceblast (15)
 w - a wand of digging (7)
 y - a wand of random effects (47)
 F - a wand of polymorph (9)
 K - a wand of flame (38)
 S - a wand of acid (3)
Scrolls
 j - 17 scrolls of remove curse
 k - 10 scrolls of teleportation
 n - 9 scrolls of amnesia
 s - 4 scrolls of enchant armour
 z - 7 scrolls of identify
 D - 2 scrolls of silence
 R - a scroll of blinking
 U - a scroll of summoning
 Y - a scroll of fog
Potions
 g - 6 potions of mutation
 m - 7 potions of heal wounds
 p - 12 potions of curing
 q - 11 potions of flight
 t - 3 potions of lignification
 u - a potion of magic
 A - 7 potions of haste
 H - 5 potions of cancellation
 J - 2 potions of ambrosia
 M - 5 potions of brilliance
 N - 3 potions of resistance
 P - a potion of agility
 T - a potion of might
Books
 L - a manual of Air Magic
Comestibles
 d - 65 rations


   Skills:
 + Level 15.0 Fighting
 - Level 1.7 Throwing
 - Level 16.0 Armour
 - Level 15.0 Dodging
 - Level 19.0 Unarmed Combat


You had 17 spell levels left.
You didn't know any spells.
Your spell library contained the following spells:

 Spells                   Type           Power        Failure   Level  Hunger
 Corona                   Hex            #......      73%         1    ##.....
 Foxfire                  Conj/Fire      #...         73%         1    ##.....
 Magic Dart               Conj           #...         73%         1    ##.....
 Summon Small Mammal      Summ           #...         73%         1    ##.....
 Blink                    Tloc           N/A          86%         2    ###....
 Call Imp                 Summ           #.......     86%         2    ###....
 Corpse Rot               Necr/Air       N/A          86%         2    ###....
 Poisonous Vapours        Pois/Air       #.....       86%         2    ###....
 Searing Ray              Conj           #.....       86%         2    ###....
 Slow                     Hex            #.......     86%         2    ###....
 Call Canine Familiar     Summ           #.......     97%         3    ####...
 Conjure Flame            Conj/Fire      #.......     97%         3    ####...
 Inner Flame              Hex/Fire       #.......     97%         3    ####...
 Mephitic Cloud           Conj/Pois/Air  #.......     97%         3    ####...
 Portal Projectile        Hex/Tloc       #.....       97%         3    ####...
 Stone Arrow              Conj/Erth      #.....       97%         3    ####...
 Summon Guardian Golem    Hex/Summ       #.......     97%         3    ####...
 Vampiric Draining        Necr           #.........   97%         3    ####...
 Cause Fear               Hex            #.........   100%        4    #####..
 Dispel Undead            Necr           #.......     100%        4    #####..
 Leda's Liquefaction      Hex/Erth       #.........   100%        4    #####..
 Summon Ice Beast         Ice/Summ       #.......     100%        4    #####..
 Summon Lightning Spire   Summ/Air       #.......     100%        4    #####..
 Bolt of Magma            Conj/Fire/Erth #.........   100%        5    ######.
 Iskenderun's Battlesphe  Conj/Chrm      #.......     100%        5    ######.
 Lee's Rapid Deconstruct  Erth           #.........   100%        5    ######.
 Lightning Bolt           Conj/Air       #.........   100%        5    ######.
 Summon Forest            Summ/Tloc      #.........   100%        5    ######.
 Eringya's Noxious Bog    Tmut/Pois      #.........   100%        6    #######
 Freezing Cloud           Conj/Ice/Air   #.........   100%        6    #######
 Hydra Form               Tmut           #.........   100%        6    #######
 Iron Shot                Conj/Erth      #.........   100%        6    #######
 Orb of Destruction       Conj           #.........   100%        7    #######
 Ring of Flames           Chrm/Fire      #.........   100%        7    #######
 Spellforged Servitor     Conj/Summ      #.........   100%        7    #######
 Summon Hydra             Summ           #.........   100%        7    #######


Dungeon Overview and Level Annotations

Branches:
Dungeon (15/15)            Temple (1/1) D:4            Lair (6/6) D:11
 Shoals (4/4) Lair:2       Spider (4/4) Lair:4        Slime (0/5) Lair:6
    Orc (2/2) D:9             Elf (0/3) Orc:2        Vaults (0/5) D:14
 Depths (0/5) D:15          Sewer (visited)         Volcano (visited)

Altars:
Ashenzari
Cheibriados
Dithmenos
Elyvilon
Fedhas
Gozag
Kikubaaqudgha
Makhleb
Nemelex Xobeh
Okawaru
Qazlal
Ru
Sif Muna
Trog
Uskayaw
Vehumet
Wu Jian
Xom
Yredelemnul
Zin
The Shining One
Beogh
Jiyva

Shops:
Orc:2 %=(%   Shoals:1 (   Shoals:2 }   Shoals:3 [=

Annotations:
Lair:6 1 runed translucent door


Innate Abilities, Weirdness & Mutations

You have claws for feet.
You are completely covered in icy blue scales. (AC +4, rC+)
You resist negative energy. (rN+)
You regenerate a lot of health from kills.
When hurt, damage is shared between your health and your magic reserves.
You regenerate magic rapidly.


Message History

The tentacle slaps you but does no damage.
The tentacle barely misses you.
A tentacle segment bursts forth from the water. x4
The tentacle slaps you but does no damage.
A tentacle segment bursts forth from the water.
The tentacle completely misses you.
The tentacle slaps you but does no damage.
The tentacle misses you. The kraken bites you!
* * * LOW HITPOINT WARNING * * *
A tentacle segment comes into view.
Your unstable footing causes you to fumble your attack.
The tentacle barely misses you. The tentacle slaps you!
* * * LOW HITPOINT WARNING * * *
The tentacle slaps you but does no damage.
The tentacle barely misses you.
A tentacle segment bursts forth from the water. x5
The kraken bites you!!
* * * LOW HITPOINT WARNING * * *
The tentacle barely misses you. The tentacle slaps you.
You die...

.##≈≈≈≈≈≈...#**,*,*,**≈,≈≈≈≈≈
..≈≈≈≈≈≈≈...#*,,,≈,,,*≈,≈≈≈≈≈
..≈≈≈≈≈≈≈...###,*≈≈,***.≈≈≈≈≈
...≈≈≈≈≈≈....≈#######,.≈≈≈≈≈≈
...≈≈≈≈≈≈....≈##≈#.≈#.≈≈≈≈≈≈≈
....≈≈≈≈≈....†.......≈≈≈≈≈≈≈≈
....≈≈≈≈≈≈......Λ....≈≈≈≈≈≈≈≈
....≈≈≈≈≈≈≈....ww*..≈≈≈≈≈≈≈≈≈
....≈≈≈≈≈≈≈≈≈≈≈w@≈≈≈≈≈≈≈≈≈≈≈≈
.....≈≈≈≈≈≈≈≈≈≈w≈X≈≈≈≈≈≈≈≈≈≈≈
.....≈≈≈≈≈≈≈≈≈≈≈≈≈≈≈≈≈≈≈≈≈≈≈≈
......≈≈≈≈≈≈≈≈≈≈≈≈≈≈≈≈≈≈≈≈≈≈≈
......≈≈≈≈≈≈≈≈≈≈≈≈≈≈≈≈≈≈≈≈≈≈≈
......≈≈≈≈≈≈≈≈≈≈≈≈≈≈≈≈≈≈≈≈≈≈≈
.....≈,,≈≈≈≈≈≈≈≈≈≈≈≈≈≈≈≈≈≈≈≈≈
....≈≈,,,≈≈≈≈≈≈≈≈≈≈≈≈≈≈≈≈≈≈≈≈
...≈≈.,,,≈≈≈≈≈≈≈≈≈≈≈≈≈≈≈≈≈≈≈≈


You could see a kraken and 4 tentacles.

Vanquished Creatures
  Rupert (D:13)
  The ghost of mopl the Champion of Chaos, an adept DsAr of Makhleb (Spider:4)
  A kraken (Shoals:1)
  Frances (D:14)
  Donald (Spider:1)
  Ilsuiw (Shoals:3)
  A frost giant (Shoals:2)
  2 orc warlords (Orc:1)
  5 ghost moths (Spider:4)
  5 emperor scorpions (Spider:4)
  Louise (D:14)
  A stone giant (Shoals:2)
  Nessos (Orc:2)
  2 entropy weavers (Lair:5)
  Snorg (D:13)
  2 spark wasps (Spider:4)
  14 merfolk impalers
  2 merfolk javelineers (Shoals:4)
  An ettin (Orc:2)
  A fire dragon (Lair:6)
  A rakshasa (D:15)
  Harold (Lair:1)
  6 hydras
  4 centaur warriors
  A death knight (D:13)
  An alligator snapping turtle (Shoals:4)
  2 catoblepae
  6 death yaks (Lair:5)
  3 merfolk aquamancers
  Erica (Lair:2)
  25 two-headed ogres
  An orc high priest (Orc:2)
  4 satyrs
  A queen ant (Lair:5)
  Urug (Lair:4)
  Sonja (D:10)
  5 ogre magi
  Nergalle (Lair:3)
  A hell knight (Volcano)
  2 slime creatures
  A salamander mystic (Volcano)
  An unseen horror (shapeshifter) (D:15)
  5 unseen horrors
  12 sea snakes
  A deep troll (Orc:2)
  12 harpies
  A lindwurm (Lair:6)
  A swamp dragon (Lair:6)
  A kraken simulacrum (Shoals:4)
  An orc sorcerer (Orc:1)
  38 wolf spiders
  A phantasmal warrior (D:13)
  21 orb spiders
  A wolf spider zombie (D:15)
  An ugly thing (D:13)
  An orc knight (Orc:1)
  A deep elf mage (D:15)
  An oklob plant (Lair:6)
  14 manticores
  6 fauns
  4 salamanders (Volcano)
  A moth of wrath (shapeshifter) (D:14)
  19 cyclopes
  Maurice (D:13)
  4 black mambas (Lair:5)
  A moth of wrath (Spider:3)
  An elephant (D:11)
  A black mamba (shapeshifter) (D:14)
  9 merfolk sirens
  2 centaur skeletons
  2 water nymphs
  15 spiny frogs
  6 torpor snails (Lair:6)
  2 kobold demonologists
  Maggie (Lair:2)
  An efreet (D:14)
  7 komodo dragons
  12 demonic crawlers
  2 freezing wraiths (D:13)
  9 rime drakes
  32 jumping spiders
  2 polar bears (Lair:6)
  A meliai (shapeshifter) (D:15)
  3 meliai (D:13)
  17 hornets
  10 trolls
  44 merfolk
  3 wind drakes
  17 blink frogs
  4 tyrant leeches (Lair:6)
  8 snapping turtles
  6 dream sheep
  13 hippogriffs
  A spriggan (shapeshifter) (D:15)
  39 redbacks
  3 wraiths
  A shapeshifter (D:14)
  34 tarantellas
  4 wyverns
  A vampire (D:11)
  2 shadows
  Eustachio (D:6)
  5 water elementals
  6 basilisks
  39 yaks
  4 steam dragons
  7 vampire mosquitoes
  A hungry ghost (D:12)
  4 wargs (Orc:1)
  2 acid dragons (Lair:6)
  9 water moccasins
  26 soldier ants
  A water moccasin (shapeshifter) (D:14)
  14 porcupines
  A black bear (D:8)
  2 ice beasts
  31 orc warriors
  2 sky beasts
  A necrophage (D:7)
  43 ogres
  2 phantoms
  5 wolves (Lair:1)
  16 centaurs
  19 crocodiles
  A big kobold (D:13)
  An elf zombie (D:7)
  27 bullfrogs
  An elf skeleton (D:7)
  A wyvern skeleton (D:12)
  9 scorpions
  A hornet simulacrum (D:15)
  16 killer bees
  An electric eel (Spider:4)
  20 wights
  4 howler monkeys
  5 jellies
  4 centaur zombies
  3 bullfrog zombies
  8 crimson imps
  A quasit (D:13)
  3 human zombies (D:7)
  2 bullfrog skeletons
  11 hounds
  22 orc priests
  Crazy Yiuf (D:2)
  A human skeleton (D:7)
  3 iguanas
  28 orc wizards
  30 worker ants
  A killer bee zombie (D:7)
  A hound skeleton (D:7)
  2 mummies
  21 adders
  7 gnolls
  A river rat (D:3)
  3 shadow imps
  8 oozes
  2 adder skeletons
  11 worms
  A dart slug (D:2)
  10 leopard geckos
  107 orcs
  13 ball pythons
  7 bats
  23 giant cockroaches
  5 goblins
  4 hobgoblins
  13 jackals
  13 kobolds
  3 quokkas
  21 frilled lizards
  A giant cockroach zombie (D:5)
  2 goblin zombies (D:6)
  A jackal skeleton (D:4)
  A quokka skeleton (D:4)
  6 rats
  A spectral orc (D:5)
  A bush (Lair:2)
  9 fungi
  A plant (Shoals:1)
  2 tentacles (Shoals:1)
1326 creatures vanquished.

Vanquished Creatures (collateral kills)
  An orb spider (Spider:3)
  A wolf spider (Spider:3)
  A redback (Spider:3)
  A tarantella (Spider:3)
4 creatures vanquished.

Vanquished Creatures (others)
  5 fungi
  29 plants
  18 tentacles
52 creatures vanquished.

Grand Total: 1382 creatures vanquished

Notes
Turn   | Place    | Note
-------+----------+-------------------------------------------
     0 | D:1      | kae the Demonspawn Gladiator began the quest for the Orb.
     0 | D:1      | Reached XP level 1. HP: 16/16 MP: 1/1
   201 | D:1      | Reached skill level 3 in Unarmed Combat
   217 | D:1      | Gained mutation: You regenerate a little health from kills.
                  | [demonic ancestry]
   217 | D:1      | Reached XP level 2. HP: 21/22 MP: 2/2
   901 | D:2      | Found a faded altar of an unknown god.
   904 | D:2      | Gained mutation: When hurt, damage is shared between your
                  | health and your magic reserves. [demonic ancestry]
   904 | D:2      | Reached XP level 3. HP: 23/28 MP: 3/3
  1251 | D:2      | Reached skill level 4 in Unarmed Combat
  1251 | D:2      | Gained mutation: You regenerate health from kills. [demonic
                  | ancestry]
  1251 | D:2      | Reached XP level 4. HP: 11/34 MP: 1/4
  1325 | D:2      | Found a glowing golden altar of the Shining One.
  1326 | D:2      | Found a stormy altar of Qazlal.
  1735 | D:2      | Found a runed translucent door.
  1736 | D:2      | Noticed Crazy Yiuf
  1748 | D:2      | Killed Crazy Yiuf
  2143 | D:3      | Reached XP level 5. HP: 30/41 MP: 5/5
  2181 | D:3      | You fall into a shaft and drop 3 floors!
  2204 | D:6      | Reached skill level 5 in Unarmed Combat
  2334 | D:6      | Noticed Eustachio
  2343 | D:6      | Noticed an ogre
  2361 | D:6      | Gained mutation: You are partially covered in icy blue
                  | scales. (AC +2) [demonic ancestry]
  2361 | D:6      | Reached XP level 6. HP: 21/48 MP: 2/6
  2385 | D:5      | Entered Level 5 of the Dungeon
  2663 | D:3      | Found a glowing drain.
  2679 | Sewer    | Entered a sewer
  3413 | Sewer    | Reached skill level 6 in Unarmed Combat
  3419 | Sewer    | Gained mutation: You have sharp toenails. [demonic
                  | ancestry]
  3419 | Sewer    | Reached XP level 7. HP: 55/55 MP: 5/7
  4038 | D:3      | Reached skill level 5 in Fighting
  4054 | D:3      | Reached skill level 7 in Unarmed Combat
  4380 | D:4      | Found a staircase to the Ecumenical Temple.
  4397 | D:4      | Gained mutation: You regenerate magic rapidly. [demonic
                  | ancestry]
  4397 | D:4      | Reached XP level 8. HP: 63/63 MP: 8/8
  4434 | Temple   | Entered the Ecumenical Temple
  4635 | Temple   | Became a worshipper of the Wu Jian Council
  4915 | D:4      | Reached skill level 8 in Unarmed Combat
  5271 | D:5      | Found a burning altar of Makhleb.
  5526 | D:5      | Reached skill level 9 in Unarmed Combat
  5528 | D:5      | Reached * piety under Wu Jian
  5574 | D:5      | Found a hide-covered altar of Uskayaw.
  5586 | D:5      | Found a basalt altar of Yredelemnul.
  5935 | D:5      | Gained mutation: You are mostly covered in icy blue scales.
                  | (AC +3) [demonic ancestry]
  5935 | D:5      | Reached XP level 9. HP: 58/72 MP: 9/9
  6367 | D:6      | Found a white marble altar of Elyvilon.
  6388 | D:6      | Killed Eustachio
  6422 | D:6      | Reached skill level 10 in Unarmed Combat
  6471 | D:6      | Reached ** piety under Wu Jian
  7604 | D:7      | Reached skill level 11 in Unarmed Combat
  7707 | D:7      | Found a sacrificial altar of Ru.
  7878 | D:7      | Gained mutation: You are completely covered in icy blue
                  | scales. (AC +4, rC+) [demonic ancestry]
  7878 | D:7      | Reached XP level 10. HP: 74/82 MP: 10/10
  7892 | D:7      | Reached *** piety under Wu Jian
  8180 | D:7      | Found an ancient bone altar of Kikubaaqudgha.
  8549 | D:8      | Found an opulent altar of Gozag.
  8572 | D:8      | Found an iron altar of Okawaru.
  8684 | D:8      | Found a shimmering blue altar of Sif Muna.
  8684 | D:8      | Found a bloodstained altar of Trog.
  9049 | D:9      | Noticed a two-headed ogre
  9092 | D:9      | Found a staircase to the Orcish Mines.
  9097 | D:9      | Reached **** piety under Wu Jian
  9097 | D:9      | Reached skill level 12 in Unarmed Combat
  9122 | D:9      | Killed a two-headed ogre
  9173 | D:9      | Noticed a two-headed ogre
  9200 | D:9      | Killed a two-headed ogre
  9200 | D:9      | Reached skill level 10 in Fighting
  9200 | D:9      | Gained mutation: You resist negative energy. (rN+) [demonic
                  | ancestry]
  9200 | D:9      | Reached XP level 11. HP: 15/90 MP: 2/11
  9464 | D:9      | Found an ancient bone altar of Kikubaaqudgha.
  9640 | D:9      | Got a slimy ring mail
  9651 | D:9      | Identified the cursed +0 ring mail "Pajemn" {rN+ Int-2
                  | Dex+4} (You found it on level 9 of the Dungeon)
  9656 | D:10     | Entered Level 10 of the Dungeon
  9685 | D:10     | Found an opulent altar of Gozag.
  9786 | D:10     | Noticed Sonja
  9895 | D:10     | Identified a scroll of acquirement
 10089 | D:10     | Killed Sonja
 10089 | D:10     | Reached skill level 13 in Unarmed Combat
 10374 | D:10     | Reached skill level 1 in Armour
 10413 | D:10     | Reached ***** piety under Wu Jian
 10673 | D:10     | Found a shimmering altar of Xom.
 10788 | D:11     | Killed an unseen horror
 10863 | D:11     | Found a staircase to the Lair.
 10869 | D:11     | Paralysed by a hornet for 1 turns
 10873 | D:11     | Paralysed by a hornet for 1 turns
 11350 | D:11     | Reached skill level 5 in Dodging
 11437 | D:11     | Noticed a two-headed ogre
 11442 | D:11     | Killed a two-headed ogre
 11618 | D:11     | Noticed an eight-headed hydra
 11624 | D:11     | Killed an eight-headed hydra
 11624 | D:11     | Reached skill level 5 in Armour
 11632 | D:11     | Noticed a two-headed ogre
 11657 | D:11     | Killed a two-headed ogre
 11938 | D:11     | Reached XP level 12. HP: 65/97 MP: 10/12
 12018 | Lair:1   | Entered Level 1 of the Lair of Beasts
 12041 | Lair:1   | Noticed Harold
 12059 | Lair:1   | Killed Harold
 13019 | Lair:2   | Got a pair of ichor-stained boots
 13025 | Lair:2   | Identified the +0 pair of boots of Absence {rN+ Dex+4
                  | Slay+2} (You found it on level 2 of the Lair of Beasts)
 13138 | Lair:2   | Noticed Maggie
 13153 | Lair:2   | Killed Maggie
 13284 | Lair:2   | Found a staircase to the Shoals.
 13285 | Lair:2   | Noticed a four-headed hydra
 13299 | Lair:2   | Killed a four-headed hydra
 13306 | Lair:2   | Noticed Erica
 13360 | Lair:2   | Killed Erica
 14365 | Lair:3   | Noticed Nergalle
 14394 | Lair:3   | Killed Nergalle
 14934 | Lair:4   | Noticed Urug
 14950 | Lair:4   | Killed Urug
 14950 | Lair:4   | Gained mutation: You have razor-sharp toenails. [demonic
                  | ancestry]
 14950 | Lair:4   | Reached XP level 13. HP: 93/103 MP: 11/13
 15040 | Lair:4   | Reached ****** piety under Wu Jian
 15170 | Lair:4   | Found a hole to the Spider Nest.
 15187 | Lair:4   | Reached skill level 10 in Dodging
 15795 | Lair:5   | Reached skill level 10 in Armour
 15861 | Lair:5   | Found a dark tunnel.
 15878 | Volcano  | Entered a volcano
 16494 | Lair:5   | Noticed an entropy weaver
 16589 | Lair:5   | Noticed an entropy weaver
 17073 | Lair:5   | Killed an entropy weaver
 17476 | Lair:5   | Killed an entropy weaver
 17897 | Lair:5   | Gained mutation: You regenerate a lot of health from kills.
                  | [demonic ancestry]
 17897 | Lair:5   | Reached XP level 14. HP: 98/110 MP: 14/14
 17970 | Lair:5   | Reached skill level 14 in Unarmed Combat
 18206 | Lair:6   | Entered Level 6 of the Lair of Beasts
 18703 | Lair:6   | Paralysed by a hornet for 2 turns
 19201 | Lair:6   | Reached skill level 15 in Unarmed Combat
 19332 | Lair:6   | Found a runed translucent door.
 19639 | Lair:6   | Found a viscous altar of Jiyva.
 19639 | Lair:6   | Found a staircase to the Slime Pits.
 20529 | D:12     | Reached skill level 16 in Unarmed Combat
 21252 | D:13     | Noticed Snorg
 21265 | D:13     | Killed Snorg
 21298 | D:13     | Reached XP level 15. HP: 102/115 MP: 13/15
 21458 | D:13     | Noticed Maurice
 21468 | D:13     | Killed Maurice
 21561 | D:13     | Reached skill level 17 in Unarmed Combat
 21841 | D:13     | Noticed Rupert
 21870 | D:13     | Killed Rupert
 22102 | D:14     | Found a gate to the Vaults.
 22115 | D:14     | Noticed Louise
 22189 | D:14     | Killed Louise
 22255 | D:14     | Noticed Frances
 22265 | D:14     | Killed Frances
 22338 | D:14     | Found a stormy altar of Qazlal.
 22656 | D:15     | Entered Level 15 of the Dungeon
 23017 | D:15     | Found a sacrificial altar of Ru.
 23057 | D:15     | Reached skill level 18 in Unarmed Combat
 23519 | D:15     | Found a staircase to the Depths.
 23910 | Orc:1    | Entered Level 1 of the Orcish Mines
 24060 | Orc:1    | Noticed an orc warlord
 24377 | Orc:1    | Noticed an orc warlord
 24409 | Orc:1    | Killed an orc warlord
 24577 | Orc:2    | Entered Level 2 of the Orcish Mines
 24659 | Orc:2    | Reached XP level 16. HP: 94/122 MP: 14/16
 24736 | Orc:2    | Found a staircase to the Elven Halls.
 24748 | Orc:2    | Found a roughly hewn altar of Beogh.
 24833 | Orc:2    | Found Sogg's Jewellery Shoppe.
 24833 | Orc:2    | Found Jiaw's Food Emporium.
 24873 | Orc:2    | Reached skill level 19 in Unarmed Combat
 24971 | Orc:2    | Found Egoheir's Food Boutique.
 25101 | Orc:2    | Found Kiskeig's Antique Weapon Shoppe.
 25306 | Orc:2    | Noticed Nessos
 25328 | Orc:2    | Killed Nessos
 26129 | Spider:1 | Entered Level 1 of the Spider Nest
 26451 | Spider:1 | Noticed Donald
 26462 | Spider:1 | Killed Donald
 26647 | Spider:1 | Identified Nuinuem's Volume of the Destructive Rocks
 26719 | Spider:1 | Found a roughly hewn altar of Beogh.
 27857 | Spider:3 | Gained mutation: You have claws for feet. [demonic
                  | ancestry]
 27857 | Spider:3 | Reached XP level 17. HP: 125/128 MP: 17/17
 28146 | Shoals:1 | Entered Level 1 of the Shoals
 28175 | Shoals:1 | Reached skill level 15 in Armour
 28258 | Shoals:1 | Got an amber-encrusted scale mail
 28367 | Shoals:1 | Identified the +4 scale mail of the Harvest Moon {rElec
                  | rPois rN+} (You found it on level 1 of the Shoals)
 28671 | Shoals:1 | Found Erat's Weapon Boutique.
 28697 | Shoals:1 | Noticed a kraken
 28752 | Shoals:1 | Killed a kraken
 29674 | Shoals:2 | Found Uriekk's Gadget Boutique.
 30097 | Shoals:2 | Got a heavily runed platinum ring
 30238 | Shoals:2 | Identified the ring "Hosias" {MP+9 Int+3} (You found it on
                  | level 2 of the Shoals)
 30251 | Shoals:3 | Found Koadotue's Armour Boutique.
 30649 | Shoals:3 | Noticed Ilsuiw
 30741 | Shoals:3 | Killed Ilsuiw
 31135 | Shoals:3 | Reached skill level 15 in Dodging
 31238 | Shoals:3 | Found Yrrennes's Jewellery Shop.
 31274 | Shoals:3 | Bought the cursed necklace of Bloodlust {*Rage +Rage MR++
                  | Int-3 Slay+6 *Curse} for 830 gold pieces
 31274 | Shoals:3 | Found the cursed necklace of Bloodlust {*Rage +Rage MR++
                  | Int-3 Slay+6 *Curse}
 31439 | Spider:4 | Entered Level 4 of the Spider Nest
 31439 | Spider:4 | Found a transporter.
 31439 | Spider:4 | Found a transporter.
 31439 | Spider:4 | Noticed mopl's ghost (adept DsAr)
 32045 | Spider:4 | Got a brightly glowing scale mail
 32046 | Spider:4 | Identified the +6 scale mail "Joutes" {+Fly rPois rF+} (You
                  | found it on level 4 of the Spider Nest)
 32112 | Spider:4 | Reached XP level 18. HP: 126/138 MP: 13/18
 32708 | Spider:4 | Got a gossamer rune of Zot
 32881 | Spider:4 | Killed mopl's ghost
 32956 | Spider:4 | Got a faintly glowing copper ring
 32974 | Spider:4 | Identified the ring "Iphuelo" {+Inv rElec Slay+3} (You
                  | found it on level 4 of the Spider Nest)
 33145 | Shoals:4 | Entered Level 4 of the Shoals
 33478 | Shoals:4 | Identified the Tome of Battle Magic and Stolen Souls
 34068 | Shoals:4 | Got a barnacled rune of Zot
 34076 | Shoals:4 | Reached skill level 15 in Fighting
 34128 | Shoals:4 | HP: 3/149 [kraken (26)]
 34128 | Shoals:4 | Slain by a tentacle

Levels and vault maps discovered:
D:1:      dpeg_arrival_castle, layout_basic
D:2:      layout_loops_ring, gammafunk_temple_overflow_pools,
          chequers_ecumenical_altar_simple, first_ration,
          minmay_misc_feat_cross, uniq_crazy_yiuf_cottage
D:3:      layout_basic, gup_sewer_entry_bubbles
D:4:      layout_basic, minmay_temple_entry_antechambers, st_stairs_11,
          nrook_mini_vaults
D:5:      layout_basic, kennysheep_little_box, makhleb_grotto_becter,
          yredelemnul_forgotten_temple_becter
D:6:      layout_loops_ring, elyvilon_altar_3, nicolae_ossuary_entry_giza,
          uniq_eustachio
D:7:      layout_cave_pools, marbit_many_paths, grunt_ogre_cave,
          lemuel_mausoleum_altar_kikubaaqudgha
D:8:      layout_basic, grunt_gozag_statues, okawaru_gym_becter,
          gammafunk_temple_overflow_wave
D:9:      layout_cross, nicolae_overflow_hidden_temple, lemuel_round_altar,
          david_orc_2
D:10:     layout_cave_pools, basic_altar, minmay_misc_feat_pillars,
          grunt_ministairs_13, tgw_xom, uniq_sonja
D:11:     layout_roguey, david_lair_generic
D:12:     layout_roguey, minmay_between
D:13:     layout_rooms, uniq_snorg, uniq_rupert, uniq_maurice
D:14:     layout_long_grid, david_vaults_2, lemuel_round_altar, uniq_louise,
          uniq_frances
D:15:     hangedman_depths_entry_try_elsewhere_first, layout_basic,
          nicolae_ru_awakened_eye
Temple:   compressed_dpeg_triangle_lava_temple
Lair:1:   layout_cave_shapes, uniq_harold
Lair:2:   layout_cave_pods, elwin_shoals_entry_rocks, minmay_hedge_maze,
          uniq_maggie, uniq_erica
Lair:3:   layout_regular_city, lemuel_fruit_tree, uniq_nergalle
Lair:4:   layout_roguey, nicolae_spider_entry_non_spiders, ldierk_geyser,
          beast_lair_carwin_10, uniq_urug
Lair:5:   layout_regular_city, enter_volcano_4, st_stairs_12, minivault_29,
          lemuel_fruit_fields
Lair:6:   wormcave, layout_regular_city, guppyfry_lair_end_dragon,
          dpeg_slime_entry_enclosed_altar
Shoals:1: layout_shoals, serial_shops, shop, st_cyclops
Shoals:2: layout_shoals, serial_shops, shop_fountains, st_shoals_ruin
Shoals:3: layout_shoals, serial_shops, shop_fountains, shop, uniq_ilsuiw
Shoals:4: shoals_end_grunt_ice, layout_shoals
Spider:1: nicolae_spider_mines_2, hangedman_spider_tarantella_strand,
          uniq_donald
Spider:2: layout_spider_delve, drop_trap
Spider:3: layout_spider_delve
Spider:4: spider_rune_water, gammafunk_ghost_arena
Orc:1:    layout_caves
Orc:2:    st_orc_open, layout_diamond_mine, basic_altar, uniq_nessos

Skill      XL: |  1  2  3  4  5  6  7  8  9 10 11 12 13 14 15 16 17 18 |
---------------+-------------------------------------------------------+-----
Unarmed Combat | 3 4 5 6 7 9 11 12 13 16 18 19 | 19.0
Fighting       | 3 4 5 7 8 10 11 15 | 15.0
Armour         | 5 9 11 14 16 | 16.0
Dodging        | 6 9 11 13 15 | 15.0
Throwing       | |  1.7

Action                   |  1- 3 |  4- 6 |  7- 9 | 10-12 | 13-15 | 16-18 || total
-------------------------+-------+-------+-------+-------+-------+-------++-------
Melee: Unarmed           |   165 |   438 |   494 |   889 |  2042 |  2048 ||  6076
       Punch             |     1 |    11 |    25 |    87 |   327 |   271 ||   722
       Kick              |       |       |   145 |   307 |       |   591 ||  1043
Invok: Lunge             |       |       |    27 |    41 |    83 |   128 ||   279
       Whirlwind         |       |       |     6 |    54 |   105 |   107 ||   272
       Serpent's Lash    |       |       |       |     2 |     1 |     1 ||     4
       Heavenly Storm    |       |       |       |       |       |     1 ||     1
 Abil: Wall Jump         |       |       |       |     2 |     1 |       ||     3
Evoke: Wand              |       |       |     2 |     4 |       |       ||     6
  Use: Scroll            |       |     1 |     9 |    13 |    12 |     9 ||    44
       Potion            |       |     4 |     2 |     6 |       |     2 ||    14
 Stab: Sleeping          |     1 |       |     3 |     8 |    11 |     1 ||    24
       Distracted        |     1 |       |       |       |     1 |       ||     2
       Paralysed         |       |       |     7 |       |       |       ||     7
       Petrified         |       |       |       |       |     2 |       ||     2
       Petrifying        |       |       |       |       |     1 |       ||     1
       Held in net/web   |       |       |       |       |       |     5 ||     5
  Eat: Chunk             |     1 |     8 |    15 |    23 |    28 |    27 ||   102
       Ration            |       |       |       |       |     2 |     2 ||     4
Armor: Leather armour    |    34 |   129 |   134 |    79 |       |       ||   376
       Skin              |       |    24 |     6 |       |       |       ||    30
       Ring mail         |       |       |       |   265 |   578 |   246 ||  1089
       Plate armour      |       |       |       |       |    27 |       ||    27
       Scale mail        |       |       |       |       |       |   613 ||   613
Dodge: Dodged            |   104 |   291 |   279 |   548 |  1640 |  2073 ||  4935

Table legend:
 A = Non-vault XP
 B = Vault XP
 C = Vault XP percentage of total XP
 D = Non-vault monster count
 E = Vault monster count
 F = Vault count percentage of total count
                 A         B        C        D         E       F
            +---------+---------+-------+---------+---------+-------
      Total |  220159 |  134967 |  38.0 |     951 |     366 |  27.8
            +---------+---------+-------+---------+---------+-------
        D:1 |      38 |       0 |   0.0 |      22 |       0 |   0.0
        D:2 |      76 |      39 |  33.9 |      25 |       1 |   3.8
        D:3 |     389 |     148 |  27.6 |      28 |       8 |  22.2
        D:4 |     560 |       2 |   0.4 |      26 |       1 |   3.7
        D:5 |    1028 |      47 |   4.4 |      23 |       2 |   8.0
        D:6 |    1733 |     222 |  11.4 |      36 |       4 |  10.0
        D:7 |     662 |    1196 |  64.4 |      20 |      14 |  41.2
        D:8 |    1247 |       0 |   0.0 |      20 |       0 |   0.0
        D:9 |    3810 |     288 |   7.0 |      41 |       8 |  16.3
       D:10 |    1620 |    1000 |  38.2 |      18 |       6 |  25.0
       D:11 |    6605 |    1062 |  13.9 |      37 |       4 |   9.8
       D:12 |    7486 |    1122 |  13.0 |      43 |       5 |  10.4
       D:13 |   15116 |    4698 |  23.7 |      55 |       3 |   5.2
       D:14 |    3253 |    5000 |  60.6 |      16 |       5 |  23.8
       D:15 |   17741 |    1917 |   9.8 |      38 |       3 |   7.3
     Lair:1 |    3581 |     976 |  21.4 |      21 |       1 |   4.5
     Lair:2 |    6388 |    1281 |  16.7 |      26 |       2 |   7.1
     Lair:3 |    2602 |     804 |  23.6 |      17 |       1 |   5.6
     Lair:4 |    2087 |    4127 |  66.4 |       8 |      16 |  66.7
     Lair:5 |   12977 |    8249 |  38.9 |      33 |      46 |  58.2
     Lair:6 |   13036 |    9762 |  42.8 |      47 |      30 |  39.0
   Shoals:1 |   13710 |    3992 |  22.6 |      24 |       8 |  25.0
   Shoals:2 |   10687 |    6911 |  39.3 |      25 |       9 |  26.5
   Shoals:3 |   17381 |    3926 |  18.4 |      36 |       4 |  10.0
   Shoals:4 |   17780 |   16442 |  48.0 |      37 |      23 |  38.3
   Spider:1 |   17952 |    5238 |  22.6 |      47 |       9 |  16.1
   Spider:2 |    6714 |       0 |   0.0 |      20 |       0 |   0.0
   Spider:3 |   15289 |       0 |   0.0 |      47 |       0 |   0.0
   Spider:4 |    7745 |   35971 |  82.3 |      22 |      56 |  71.8
      Orc:1 |    7861 |       0 |   0.0 |      51 |       0 |   0.0
      Orc:2 |    3005 |   16438 |  84.5 |      42 |      37 |  46.8
      Sewer |       0 |     386 | 100.0 |       0 |      54 | 100.0
    Volcano |       0 |    3723 | 100.0 |       0 |       6 | 100.0
            +---------+---------+-------+---------+---------+-------
